AoeStats
← 已严肃退出多人局

Arabian Desert

510275608Analyzed
1v1 RM · 2d ago on Sep 30, 2026· 21m 15s· 2 players
Game mode
Random Map
Map size
Tiny (2 player)
Population
200
Speed
Normal
Resources
Standard
Victory
Conquest
Starting age
Dark Age
Ending age
Imperial Age
RankedLock teamsTeams togetherTeam positionsShared explorationLock speedFull tech treeHidden civsTurbo modeCheats
Victory
Defeat
🇳🇱 Malay · Netherlands
2257
+10
🇭🇰 Chinese · Hong Kong SAR China
2126
-10
已严肃退出多人局
0:25 Loom
8:41 Feudal Age
9:33 Double-Bit Axe
14:59 Fletching
21:24 Castle Age
19:37 Horse Collar
20:05 Padded Archer Armor
[LW] Faneth
8:30 Loom
10:40 Feudal Age
10:25 Double-Bit Axe
15:53 Fletching
20:50 Castle Age
20:23 Bodkin Arrow
19:54 Crossbowman
Connection lost

Rejoining the realm…

Still unreachable

The connection could not be restored.

Session expired

The server has moved on; the page needs a fresh start.